 Dungeon Crawl Stone Soup version 0.27-a0-660-g90476cec82 (webtiles) character file.

Game seed: 5622295778435252620

73 shoop the Chopper (level 4, -6/40 HPs)
             Began as a Palentonga Abyssal Knight on Mar 16, 2021.
             Was a Follower of Lugonu.
             Mangled by Sigmund
             ... wielding a +0 scythe
              (9 damage)
             ... on level 1 of the Dungeon.
             The game lasted 00:06:02 (2029 turns).

shoop the Chopper (Palentonga Abyssal Knight)       Turns: 2029, Time: 00:06:03

Health: -6/40      AC:  9    Str: 15 (16) XL:     4   Next: 8%
Magic:  0/5        EV:  9    Int: 13      God:    Lugonu [*.....]
Gold:   75         SH:  0    Dex:  9      Spells: 3/3 levels left

rFire    + . .     SeeInvis +   a - +2 hand axe
rCold    . . .     Faith    .   (no shield)
rNeg     . . .     Spirit   +   b - +0 leather armour
rPois    .         Reflect  .   (no helmet)
rElec    .         Harm     .   (no cloak)
rCorr    .         Rampage  .   d - +0 pair of gloves
Will     +....                  (no barding)
Stlth    +.........             m - amulet of guardian spirit
HPRegen  0.13/turn              p - +4 ring of protection
MPRegen  0.09/turn              (no ring)

@: brilliant, attractive, flying, hasted, very quick
A: large, rugged brown scales 3, see invisible, deformed body, roll 1, armoured
tail, deterioration 1, fire resistance 1, strong-willed 1
a: Rolling Charge, Renounce Religion, Depart the Abyss


You were on level 1 of the Dungeon.
You worshipped Lugonu.
Lugonu was aware of your devotion.
You visited 1 branch of the dungeon, and saw 2 of its levels.
You visited the Abyss 1 time.

You collected 75 gold pieces.

Inventory:

Hand Weapons
 a - a +2 hand axe (weapon)
Missiles
 q - 19 poisoned darts
Armour
 b - a +0 leather armour (worn)
 d - a +0 pair of gloves (worn)
Jewellery
 m - an amulet of guardian spirit (around neck)
 p - a +4 ring of protection (right hand)
Wands
 s - a wand of flame (10)
Scrolls
 e - a scroll of blinking {unknown}
 f - a scroll of noise
 r - a scroll of immolation
Potions
 h - a potion of attraction


   Skills:
 - Level 3.0 Fighting
 + Level 4.4 Axes
 - Level 1.5 Armour
 - Level 0.7 Dodging
 - Level 2.0 Invocations


You had 3 spell levels left.
You didn't know any spells.
Your spell library was empty.

Dungeon Overview and Level Annotations

Branches:
Dungeon (2/15)

Altars:

Annotations:
D:1 Sigmund


Innate Abilities, Weirdness & Mutations

You are completely covered in rugged brown scales. (AC +3, +7% HP)
You have supernaturally acute eyesight. (SInv)
Armour fits poorly on your strangely shaped body.
You can roll at nearby foes to attack.
You have a long armoured tail.
Your body sometimes deteriorates upon taking damage.
Your flesh is heat resistant. (rF+)
You are strong-willed. (Will+)


Message History

Sigmund casts a spell at you. The magic dart hits you.
It was a potion of flight.
You feel very buoyant.
You fly up into the air.
Okay, then.
It was a potion of mutation.
You feel extremely strange.
You feel strong-willed.
You feel yourself wasting away.
You feel resistant to heat. Sigmund hits you with a +0 scythe.
* * * LOW HITPOINT WARNING * * *
As you read the scroll labelled EGYBLUSTRORPH, it crumbles to dust.
You feel aware of your surroundings.
You sensed 1 altar.
It was a scroll of magic mapping.
Sigmund barely misses you.
As you read the scroll labelled MASSEB XU TETU, it crumbles to dust.
It is a scroll of enchant weapon.
Your +1 hand axe glows red for a moment.
As you read the scroll labelled XAYMPI XYPP, it crumbles to dust.
You feel strangely unstable.
It was a scroll of teleportation.
Sigmund closely misses you.
Sigmund hits you from afar with a +0 scythe!
* * * LOW HITPOINT WARNING * * *
Your body deteriorates!
You feel weakened. Sigmund is pulled toward you! Sigmund is pulled toward you!
Sigmund closely misses you. Sigmund is pulled toward you!
Sigmund barely misses you. Sigmund is pulled toward you!
Your surroundings suddenly seem different.
Sigmund is pulled toward you! Sigmund is pulled toward you!
There is a stone staircase leading up here.
Sigmund barely misses you.
You fly upwards.
There is a stone staircase leading down here.
Okay, then.
Sigmund is pulled toward you! Sigmund closely misses you.
Sigmund is pulled toward you! Sigmund misses you. Sigmund is pulled toward you!
Sigmund hits you from afar with a +0 scythe!
You die...

#.# #.# #..... #.#
#.# #..... #.# #.#
#..... ##.#
###.#######...##
#..###......#.###....
#.###...>.......(....
#.#...@.....#########
#####.#...####### #
#.......@.# ###
#####.#^..# #..
#.###.# #.# #.# #.#
#.. #.# #.# #.# #.#
#.# #.. #######.# #.#
#...†...# #..
#.####### #.#


You could see Sigmund (invisible).

Vanquished Creatures
  Jessica (D:2)
  2 adders
  A dart slug (D:1)
  A leopard gecko (D:1)
  A giant cockroach (D:2)
  2 goblins
  A hobgoblin (D:2)
  6 jackals (D:1)
  4 kobolds
  3 bats
  2 frilled lizards (D:1)
  2 rats (D:1)
26 creatures vanquished.

Vanquished Creatures (others)
  A plant (D:2)
1 creature vanquished.

Grand Total: 27 creatures vanquished

Notes
Turn   | Place    | Note
-------+----------+-------------------------------------------
     0 | Abyss:1  | shoop the Palentonga Abyssal Knight began the quest for the
                  | Orb.
     0 | Abyss:1  | Reached XP level 1. HP: 20/20 MP: 2/2
     1 | Abyss:1  | Found a corrupted altar of Lugonu.
    22 | D:1      | Escaped the Abyss
   356 | D:1      | Reached XP level 2. HP: 15/27 MP: 3/3
   535 | D:1      | Reached skill level 3 in Axes
  1382 | D:2      | Noticed Sigmund
  1741 | D:2      | Noticed Jessica
  1761 | D:2      | Killed Jessica
  1762 | D:2      | Reached skill level 4 in Axes
  1762 | D:2      | Reached XP level 3. HP: 30/33 MP: 4/4
  1969 | D:2      | Reached XP level 4. HP: 38/40 MP: 3/5
  2014 | D:2      | Gained mutation: You are strong-willed. (Will+) [potion of
                  | mutation]
  2014 | D:2      | Gained mutation: Your body sometimes deteriorates upon
                  | taking damage. [potion of mutation]
  2014 | D:2      | Gained mutation: Your flesh is heat resistant. (rF+)
                  | [potion of mutation]
  2018 | D:2      | HP: 2/40 [Sigmund/+0 scythe (10)]
  2029 | D:1      | Mangled by Sigmund

Illustrated notes

Levels and vault maps discovered:
D:1:      amcnicky_arrival_abandoned_market, layout_basic,
          serial_co_window_serial, co_window_corner_a, co_window_paths_a,
          co_window_paths_a, co_window_paths_a, co_window_paths_a,
          co_window_of_opportunity_a, co_window_corner_a, co_window_paths_c,
          co_window_of_opportunity_b, co_window_2corner, glass_columns_b,
          glass_columns_b, glass_columns_b
D:2:      layout_basic, nicolae_overflow_crystal_walls, serial_forest,
          infiniplex_forest_straight_5, infiniplex_forest_zigzag_1,
          infiniplex_forest_split, infiniplex_forest_clump_C,
          infiniplex_forest_lined_room_, infiniplex_forest_clump_double,
          infiniplex_forest_end_2, grunt_decor_junction, uniq_jessica,
          uniq_sigmund, uniq_terence

Skill      XL: |  1  2 |
---------------+-------+-----
Axes           | 4 |  4.4
Fighting       | |  3.0
Armour         | |  1.5
Dodging        | |  0.7
Invocations    | |  2.0

Action                   |  1- 3 |  4- 6 || total
-------------------------+-------+-------++-------
Melee: Hand axe          |    85 |     2 ||    87
       Tailslap          |     8 |       ||     8
 Abil: Rolling Charge    |     4 |       ||     4
  Use: Potion            |       |     6 ||     6
       Scroll            |       |     5 ||     5
Armor: Leather armour    |    42 |       ||    42
Dodge: Dodged            |    58 |    10 ||    68

Table legend: (Time is in decaauts)
 A = Elapsed time spent in this place.
 B = Non-inter-level travel time spent in this place.
 C = Inter-level travel time spent in this place.
 D = Time resting spent in this place.
 E = Time spent auto-exploring this place.
 F = Levels seen in this place.
 G = Mean time per level.
                   A        B        C        D        E       F      G
               +--------+--------+--------+--------+--------+-----+--------+
         Total |   2037 |   1807 |    230 |    102 |   1402 |   3 |  679.0 |
       Dungeon |   2015 |   1785 |    230 |    102 |   1400 |   2 | 1007.5 |
         Abyss |     22 |     22 |      0 |      0 |      2 |   1 |   22.0 |
               +--------+--------+--------+--------+--------+-----+--------+

Top non-repeatable levels by time:
     D:1: 1585 daAuts
     D:2: 430 daAuts
 Abyss:1: 22 daAuts
